 Dungeon Crawl Stone Soup version 0.21.1-1-g345015f (webtiles) character file.

300 xccam the Slasher (level 6, -4/47 HPs)
             Began as a Formicid Fighter on Mar 27, 2018.
             Killed by nerve-wracking pain
             ... invoked by an orc priest
              (9 damage)
             ... on level 3 of the Dungeon.
             The game lasted 00:03:56 (2291 turns).

xccam the Slasher (Formicid Fighter)                Turns: 2291, Time: 00:03:57

Health: -4/47      AC:  6    Str: 19 (21) XL:     6   Next: 64%
Magic:  6/6        EV:  7    Int:  6 (8)  God:
Gold:   47         SH:  9    Dex:  8 (11) Spells: 5/5 levels left

rFire    . . .     SeeInvis +   a - +0 long sword
rCold    + . .     Gourm    .   c - +0 shield
rNeg     . . .     Faith    .   b - +0 scale mail
rPois    .         Spirit   .   (helmet unavailable)
rElec    .         Reflect  .   (no cloak)
rCorr    .         Harm     .   (no gloves)
MR       .....                  (no boots)
Stlth    ..........             (no amulet)
HPRegen  0.15/turn              h - ring of protection from cold
MPRegen  0.10/turn              (no ring)

@: no status effects
A: permanent stasis, dig shafts and tunnels, four strong arms, antennae 3
a: Dig, Shaft Self


You were on level 3 of the Dungeon.
You were hungry.

You visited 1 branch of the dungeon, and saw 3 of its levels.

You collected 47 gold pieces.

Inventory:

Hand Weapons
 a - a +0 long sword (weapon)
Armour
 b - a +0 scale mail (worn)
 c - a +0 shield (worn)
Jewellery
 h - a ring of protection from cold (left hand)
Scrolls
 e - 2 scrolls of random uselessness {unknown}
 g - a scroll of amnesia {unknown}
 j - 2 scrolls of teleportation {unknown}
 k - 2 scrolls of identify {unknown}
 l - 3 scrolls of magic mapping {unknown}
 m - a scroll of immolation {unknown}
Potions
 d - 4 potions of might
 n - a potion of magic {unknown}
Comestibles
 f - 6 rations


   Skills:
 - Level 3.2 Fighting
 + Level 6.5 Long Blades
 - Level 3.2 Armour
 - Level 3.6 Shields


You had 5 spell levels left.
You didn't know any spells.

Dungeon Overview and Level Annotations

Branches:
Dungeon (3/15)

Altars:
Qazlal


Innate Abilities, Weirdness & Mutations

You cannot be hasted, slowed, berserked, paralysed or teleported.
You can dig through walls and to a lower floor.
Your four strong arms can wield two-handed weapons with a shield.
You have a pair of large antennae on your head. (SInv)


Message History

The orc priest hits you with a war axe.
You closely miss the orc priest.
The orc priest is severely wounded.
The orc priest hits you with a war axe.
* * * LOW HITPOINT WARNING * * *
The orc wizard casts a spell.
The orc wizard blinks!
You hit the orc priest.
The orc priest is almost dead.
The orc priest hits you with a war axe!
* * * LOW HITPOINT WARNING * * *
Unknown command.
It was a potion of degeneration.
There was something very wrong with that liquid.
You feel weakened.
You feel dopey.
You feel clumsy.
The orc wizard mumbles some strange words.
The orc wizard blinks!
The orc priest calls down the wrath of Beogh upon you.
Pain shoots through your body!
You die...

...#.........# #...
...#......(..# ##...
####.........# #.... #
#.........# #...
#.######### #..# #.#
#..# #.# #..#
####.############..####
....)..........[@o....#
...#.#.##########ยง<.o.#
##.#.#.###### #...o.#
.............. ........
##.#)..####### ###(.....
...#.....# ...... ##
#..+### ...... #..# ....
...# { {


You could see an orc priest and 2 orc wizards.

Vanquished Creatures
  Sigmund (D:3)
  A hound (D:2)
  Natasha (D:3)
  3 adders
  2 leopard geckos (D:1)
  2 orcs (D:3)
  5 ball pythons
  3 bats
  3 giant cockroaches
  6 goblins
  9 hobgoblins
  A quokka (D:3)
  6 frilled lizards
  7 kobolds
  5 rats
55 creatures vanquished.

Notes
Turn   | Place    | Note
-------+----------+-------------------------------------------
     0 | D:1      | xccam the Formicid Fighter began the quest for the Orb.
     0 | D:1      | Reached XP level 1. HP: 18/18 MP: 1/1
   136 | D:1      | Reached XP level 2. HP: 24/24 MP: 2/2
   325 | D:1      | Reached skill level 3 in Long Blades
   664 | D:1      | Reached XP level 3. HP: 29/29 MP: 3/3
  1411 | D:2      | Reached skill level 4 in Long Blades
  1411 | D:2      | Reached XP level 4. HP: 34/35 MP: 4/4
  1591 | D:2      | Found a stormy altar of Qazlal.
  1860 | D:3      | Noticed Natasha
  1865 | D:3      | Killed Natasha
  1865 | D:3      | Reached skill level 5 in Long Blades
  1865 | D:3      | Reached XP level 5. HP: 26/41 MP: 5/5
  1878 | D:3      | Noticed Sigmund
  1889 | D:3      | Killed Sigmund
  1889 | D:3      | Reached skill level 6 in Long Blades
  1889 | D:3      | Reached XP level 6. HP: 9/47 MP: 6/6
  2291 | D:3      | Killed from afar by an orc priest

Skill      XL: |  1  2  3  4  5 |
---------------+----------------+-----
Long Blades    | 3 4 5 6 |  6.5
Fighting       | |  3.2
Armour         | |  3.2
Shields        | |  3.6

Action                   |  1- 3 |  4- 6 || total
-------------------------+-------+-------++-------
Melee: Long sword        |   106 |    79 ||   185
  Use: Potion            |       |     3 ||     3
  Eat: Chunk             |     2 |     2 ||     4
Armor: Scale mail        |    49 |    26 ||    75
Dodge: Dodged            |    38 |    20 ||    58
Block: Shield            |    48 |    46 ||    94
       Rpst.: Long sword |    10 |     7 ||    17
